 Dungeon Crawl Stone Soup version 0.20-a0-1065-g8446734 (webtiles) character file.

386 galech the Skirmisher (level 6, -2/66 HPs)
             Began as an Ogre Berserker on Apr 28, 2017.
             Was a Believer of Trog.
             Slain by galech's ghost (4 damage)
             ... on level 4 of the Dungeon.
             The game lasted 00:06:59 (3122 turns).

galech the Skirmisher (Ogre Berserker)              Turns: 3122, Time: 00:06:59

Health: -2/66      AC:  3    Str: 24    XL:     6   Next: 78%
Magic:  6/6        EV: 11    Int:  8    God:    Trog [**....]
Gold:   119        SH:  0    Dex:  8    Spells: 5/5 levels left

rFire    . . .     SeeInvis .   a - +0 mace
rCold    . . .     Gourm    .   (no shield)
rNeg     . . .     Faith    .   b - +0 animal skin
rPois    .         Spirit   .   (helmet restricted)
rElec    .         Reflect  .   (no cloak)
rCorr    .         Harm     .   (gloves unavailable)
MR       .....                  (boots unavailable)
Stlth    +.........             (no amulet)
Regen    0.3/turn               (no ring)
MPRegen  0.1/turn               (no ring)

@: slowed, very slow
A: unfitting armour, tough skin 1
a: Berserk, Trog's Hand, Burn Spellbooks, Renounce Religion


You were on level 4 of the Dungeon.
You worshipped Trog.
Trog was pleased with you.
You were not hungry.

You visited 1 branch of the dungeon, and saw 5 of its levels.
You also visited: Sewer.

You collected 119 gold pieces.

Inventory:

Hand Weapons
 a - a +0 mace (weapon)
Armour
 b - a +0 animal skin (worn)
Jewellery
 l - a +3 ring of dexterity {unknown}
Scrolls
 g - a scroll of remove curse {unknown}
 h - 2 scrolls of recharging {unknown}
 j - 3 scrolls of identify {unknown}
 p - a scroll of enchant armour {unknown}
 s - a scroll of noise {unknown}
 t - a scroll of teleportation {unknown}
Potions
 d - 2 potions of curing {unknown}
 e - 4 potions of might {unknown}
 i - a potion of invisibility {unknown}
 k - 2 potions of magic {unknown}
 m - 5 potions of heal wounds {unknown}
 n - a potion of agility {unknown}
 o - a potion of flight {unknown}
 q - a potion of lignification {unknown}
 r - a potion of berserk rage
Comestibles
 c - a bread ration
 f - 2 royal jellies


   Skills:
 + Level 5.5 Fighting
 + Level 4.8 Maces & Flails
 + Level 4.5 Dodging
 + Level 0.2 Stealth


You had 5 spell levels left.
You didn't know any spells.

Dungeon Overview and Level Annotations

Branches:
Dungeon (5/15)             Temple (0/1) D:4

Altars:
Ashenzari
Okawaru
Sif Muna
Uskayaw
Xom

Annotations:
D:4 galech's ghost, amateur OgBe


Innate Abilities, Weirdness & Mutations

You are too large for most types of armour.
You have tough skin. (AC +1)


Message History

Your skin stops crawling.
You feel less resistant to hostile enchantments.
Galech's ghost hits you.
You can move again.
You completely miss galech's ghost.
Galech's ghost is severely damaged.
Galech's ghost misses you. Galech's ghost hits you!
You sock galech's ghost!
Galech's ghost is almost destroyed.
Galech's ghost hits you.
You closely miss galech's ghost.
Galech's ghost is almost destroyed.
Galech's ghost closely misses you. Galech's ghost hits you!
* * * LOW HITPOINT WARNING * * *
You hit galech's ghost.
Galech's ghost is almost destroyed.
Galech's ghost hits you!
* * * LOW HITPOINT WARNING * * *
Galech's ghost hits you.
You die...

#### .# ##%..#.#
#......############# #
#...........^......#
#.#......#####.....#.######
...............###.........
.......#.###..## ##..#####
#......##.## ##.#
#......W@.# #.#
#.##...##.## ##.# #.
##.###..## ##..# .W ...#
#.#.###.#.## .. .####
#.##...##[.# # ..
#.########.# # #.# #.# #.#
#.# #.# #.# #^# #.#


You could see galech's ghost.

Vanquished Creatures
  3 big kobolds (Sewer)
  Natasha (twice) (D:3)
  2 adders
  2 river rats (D:3)
  An ooze (Sewer)
  3 leopard geckos
  9 orcs (D:3)
  9 bats
  3 giant cockroaches
  8 goblins
  6 hobgoblins
  3 jackals (D:3)
  A quokka (D:3)
  2 ball pythons (Sewer)
  4 frilled lizards
  15 kobolds
  13 rats
86 creatures vanquished.

Notes
Turn   | Place    | Note
-------+----------+-------------------------------------------
     0 | D:1      | galech the Ogre Berserker began the quest for the Orb.
     0 | D:1      | Reached XP level 1. HP: 24/24 MP: 1/1
    59 | D:1      | Reached XP level 2. HP: 26/32 MP: 2/2
   251 | D:1      | Reached ** piety under Trog
   561 | D:1      | Reached XP level 3. HP: 38/40 MP: 3/3
   819 | D:2      | Found a deep blue altar of Sif Muna.
   851 | D:2      | You fall through a shaft!
   975 | D:3      | Found a shattered altar of Ashenzari.
  1119 | D:3      | Reached XP level 4. HP: 8/49 MP: 4/4
  1194 | D:3      | Found a glowing drain.
  1198 | Sewer    | Entered a sewer
  1435 | Sewer    | Noticed a big kobold
  1442 | Sewer    | Killed a big kobold
  1442 | Sewer    | Reached skill level 5 in Fighting
  1442 | Sewer    | Reached XP level 5. HP: 57/57 MP: 5/5
  1514 | Sewer    | Noticed a big kobold
  1530 | Sewer    | Killed a big kobold
  1534 | Sewer    | Reached XP level 6. HP: 17/66 MP: 6/6
  2186 | D:3      | Noticed Natasha
  2191 | D:3      | Killed Natasha
  2261 | D:3      | Found an iron altar of Okawaru.
  2276 | D:3      | Noticed Natasha
  2311 | D:3      | Killed Natasha
  2833 | D:3      | You fall through a shaft for 2 floors!
  2833 | D:5      | Entered Level 5 of the Dungeon
  2833 | D:5      | Found a hide-covered altar of Uskayaw.
  2833 | D:5      | Noticed a hand axe
  2833 | D:5      | Noticed a dagger
  2844 | D:5      | Found a shimmering altar of Xom.
  3034 | D:4      | Found a staircase to the Ecumenical Temple.
  3095 | D:4      | Noticed galech's ghost (amateur OgBe)
  3122 | D:4      | HP: 2/66 [galech's ghost (14)]
  3122 | D:4      | Slain by galech's ghost

Vault maps used:
D:1:      scummos_arrival_forest, minmay_misc_feat_roman, serial_bayou_pond_a,
          minivault_4, minmay_rat_gold_closets
D:2:      lemuel_round_altar, serial_glass, glass_columns_b, glass_columns_a,
          glass_columns_c
D:3:      minmay_wonky_spiral, lemuel_crystal_altar,
          nicolae_overflow_crystal_walls, gup_sewer_entry_bowl, uniq_natasha
D:4:      minmay_temple_entry_glassed_door
D:5:      xom_butterflies, dancing_weapons_uskayaw, first_bread
Sewer:    kennysheep_pipe_town

Skill      XL: |  1  2  3  4  5 |
---------------+----------------+-----
Dodging        | 3 4 |  4.5
Maces & Flails | 3 4 |  4.8
Fighting       | 5 |  5.5
Stealth        | |  0.2

Action                   |  1- 3 |  4- 6 || total
-------------------------+-------+-------++-------
Melee: Mace              |   150 |   226 ||   376
Invok: Trog's Hand       |     1 |     5 ||     6
       Berserk           |       |     3 ||     3
 Stab: Sleeping          |     1 |       ||     1
  Eat: Chunk             |     1 |     9 ||    10
       Bread ration      |       |     1 ||     1
Armor: Animal skin       |    34 |    62 ||    96
Dodge: Dodged            |    84 |   188 ||   272
